 Dungeon Crawl Stone Soup version 0.28.0-53-g5a82cb258f (webtiles) character file.

Game seed: 154787039392876956

99 quokkamancerX the Chopper (level 4, -5/39 HPs)
             Began as a Hill Orc Fighter on May 29, 2022.
             Killed from afar by Natasha (6 damage)
             ... with a magic dart
             ... on level 2 of the Dungeon.
             The game lasted 00:02:58 (1736 turns).

quokkamancerX the Chopper (Hill Orc Fighter)        Turns: 1736, Time: 00:02:59

Health: -5/39      AC:  6    Str: 20    XL:     4   Next: 72%
Magic:  4/4        EV:  9    Int:  8    God:
Gold:   45         SH:  4    Dex: 10    Spells: 3/3 levels left

rFire   . . .      SeeInvis .   a - +0 war axe
rCold   . . .      Faith    .   c - +0 buckler
rNeg    . . .      Spirit   .   b - +0 scale mail
rPois   .          Reflect  .   (no helmet)
rElec   .          Harm     .   (no cloak)
rCorr   .          Rampage  .   (no gloves)
Will    .....                   (no boots)
Stlth   ..........              (no amulet)
HPRegen 0.13/turn               (no ring)
MPRegen 0.09/turn               (no ring)

@: slowed, very slow
A: no striking features
a: no special abilities


You were on level 2 of the Dungeon.
You visited 1 branch of the dungeon, and saw 2 of its levels.

You collected 45 gold pieces.

Inventory:

Hand Weapons
 a - a +0 war axe (weapon)
Armour
 b - a +0 scale mail (worn)
 c - a +0 buckler (worn)
Scrolls
 f - a scroll of teleportation
 g - a scroll of torment {unknown}
 i - a scroll of vulnerability {unknown}
 j - a scroll of enchant armour {unknown}
 k - 2 scrolls of identify {unknown}
Potions
 d - a potion of might
 e - 2 potions of curing {unknown}
 h - a potion of lignification {unknown}


   Skills:
 - Level 3.6 Fighting
 + Level 6.3 Axes
 - Level 3.2 Armour
 - Level 3.2 Shields


You had 3 spell levels left.
You didn't know any spells.
Your spell library contained the following spells:

 Spells                   Type           Power      Damage    Failure   Level
 Sublimation of Blood     Necr           0%         N/A       94%         2
 Wereblood                Tmut           0%         N/A       94%         2
 Dazzling Flash           Conj/Hex       0%         N/A       99%         3
 Fulminant Prism          Conj/Hex       0%         3d6       100%        4
 Iskenderun's Mystic Bla  Conj/Tloc      0%         2d3       100%        4
 Summon Forest            Summ/Tloc      0%         N/A       100%        5
 Starburst                Conj/Fire      0%         6d3       100%        6
 Summon Hydra             Summ           0%         N/A       100%        7
 Dragon's Call            Summ           0%         N/A       100%        9


Dungeon Overview and Level Annotations

Branches:
Dungeon (2/15)

Altars:

Shops:
D:1 !

Annotations:
D:2 Natasha


Message History

You pick up a book of Blood and begin reading...
You add the spells Sublimation of Blood, Wereblood and Summon Hydra to your library.
You now have enough gold to buy a potion of curing on D:1, or buy a potion of flight on D:1.
You can access your shopping list by pressing '$'.
You now have 45 gold pieces (gained 17).
Natasha, Servant of Life and Death comes into view.
She is carrying a wand of flame (14).
Natasha hisses angrily.
Natasha casts a spell.
Natasha casts a spell at you. The magic dart hits you.
You block Natasha's attack.
You barely miss Natasha. You hit the white imp. The white imp gestures at you.
The puff of frost hits you!
Natasha hisses.
Natasha barely misses you.
The white imp hits you but does no damage.
You completely miss Natasha. You hit the white imp but do no damage.
Natasha stares at you and mumbles some strange words.
You feel yourself slow down.
The white imp hits you but does no damage.
You closely miss Natasha. You hit the white imp but do no damage.
You block Natasha's attack. The white imp gestures at you.
The puff of frost hits you! Natasha claws you.
The white imp laughs crazily.
The white imp closely misses you.
You closely miss Natasha. You barely miss the white imp.
Natasha zaps a wand.
The puff of flame hits you. The white imp gestures at you.
The puff of frost hits you!
* * * LOW HITPOINT WARNING * * *
Natasha mumbles some strange words.
You closely miss Natasha. You hit the white imp but do no damage.
The white imp gestures at you. The puff of frost hits you!
* * * LOW HITPOINT WARNING * * *
Natasha casts a spell at you. The magic dart hits you.
You die...

..........#
.............#
.............#
#...........#
#...........# #
+####...........#.####.
..............5h#......
...............@.......
.......)........#5#####
.....>..........#.#
.#+######.#<......# #.#
#.#.#.#.#.# #.#.#
#.#.#.#.#.# #.#.#
#.#.#.#.# .
#.#.######.#.#.#.# ##
#.#..........#.#.#


You could see an iron imp (summoned), Natasha and a white imp (summoned).

Vanquished Creatures
  Jessica (D:2)
  Natasha (D:2)
  An adder (D:2)
  A dart slug (D:1)
  3 ball pythons
  5 endoplasms
  A giant cockroach (D:1)
  2 goblins (D:1)
  2 hobgoblins
  4 jackals
  3 quokkas
  2 frilled lizards
  5 kobolds
  A rat (D:2)
32 creatures vanquished.

Notes
Turn   | Place    | Note
-------+----------+-------------------------------------------
     0 | D:1      | quokkamancerX the Hill Orc Fighter began the quest for the
                  | Orb.
     0 | D:1      | Reached XP level 1. HP: 19/19 MP: 1/1
    58 | D:1      | Reached skill level 3 in Axes
   112 | D:1      | Reached XP level 2. HP: 24/26 MP: 2/2
   191 | D:1      | Reached skill level 4 in Axes
   303 | D:1      | Found Xab Facw's Distillery.
   320 | D:1      | Got the Reference Book on Entrancing Calling
   863 | D:1      | Reached XP level 3. HP: 27/31 MP: 3/3
  1045 | D:2      | Noticed Jessica
  1051 | D:2      | Killed Jessica
  1052 | D:2      | Reached skill level 5 in Axes
  1240 | D:2      | Noticed Natasha
  1247 | D:2      | Killed Natasha
  1248 | D:2      | Reached skill level 6 in Axes
  1248 | D:2      | Reached XP level 4. HP: 27/39 MP: 4/4
  1727 | D:2      | Noticed Natasha
  1736 | D:2      | HP: 1/39 [white imp/puff of frost[Natasha] (7)]
  1736 | D:2      | Killed from afar by Natasha

Illustrated notes

Levels and vault maps discovered:
D:1:      saegor_arrival_under_anarchy, layout_basic, serial_shops,
          nicolae_shop_behind_doors, minivault_19
D:2:      layout_basic, uniq_jessica, uniq_natasha

Skill      XL: |  1  2  3 |
---------------+----------+-----
Axes           | 3 4 6 |  6.3
Fighting       | |  3.6
Armour         | |  3.2
Shields        | |  3.2

Action                   |  1- 3 |  4- 6 || total
-------------------------+-------+-------++-------
Melee: War axe           |    63 |    30 ||    93
  Use: Scroll            |     1 |       ||     1
Armor: Scale mail        |    28 |    11 ||    39
Dodge: Dodged            |    27 |    12 ||    39
Block: Buckler           |    13 |     8 ||    21
